 Dungeon Crawl Stone Soup version 0.25-a0-731-g0472a16d6a (webtiles) character file.

Game seed: 14409129133150196364, levelgen mode: deterministic

33880 Fukker the Cleaver (level 13, -14/147 HPs)
             Began as a Demonspawn Wanderer on Apr 7, 2020.
             Was a High Priest of Trog.
             Demolished by a catoblepas (18 damage)
             ... on level 13 of the Dungeon on Apr 8, 2020.
             The game lasted 01:22:12 (19161 turns).

Fukker the Cleaver (Demonspawn Wanderer)           Turns: 19161, Time: 01:22:13

Health: -14/147    AC: 14    Str: 18    XL:     13   Next: 39%
Magic:  17/17      EV: 13    Int: 13    God:    Trog [*****.]
Gold:   1012       SH:  0    Dex: 13    Spells: 12/12 levels left

rFire    . . .     SeeInvis .   k - +5 broad axe (flame)
rCold    + + .     Gourm    .   (no shield)
rNeg     . . .     Faith    +   c - +1 scale mail {rC+}
rPois    .         Spirit   .   (helmet restricted)
rElec    .         Reflect  .   C - scarf {cloud immunity}
rCorr    .         Harm     .   a - +0 pair of gloves
MR       .....                  (no boots)
Stlth    ..........             S - amulet of faith
HPRegen  0.34/turn              W - ring of attention
MPRegen  0.15/turn              o - ring of flight

@: berserking, lethally poisoned (-14 -> -15), lightly drained, very quick
A: antennae 2, icy blue scales 3, demonic guardian 1
a: Berserk, Trog's Hand, Brothers in Arms, Renounce Religion, Evoke Flight


You were on level 13 of the Dungeon.
You worshipped Trog.
Trog was extremely pleased with you.
You were hungry.

You visited 3 branches of the dungeon, and saw 16 of its levels.
You also visited: Bailey.

You collected 1259 gold pieces.
You spent 247 gold pieces at shops.

Inventory:

Hand Weapons
 e - a +2 antimagic battleaxe
 k - a +5 broad axe of flaming (weapon)
 q - a +7 vorpal glaive
Missiles
 v - 261 stones
 D - 77 boomerangs (quivered)
Armour
 a - a +0 pair of gloves (worn)
 c - a +1 scale mail of cold resistance (worn)
 C - a scarf of cloud immunity (worn)
Jewellery
 o - a ring of flight (right hand)
 r - an uncursed ring of resist corrosion
 x - an uncursed ring of positive energy
 O - an uncursed ring of ice
 S - an amulet of faith (around neck)
 W - a ring of attention (left hand)
Wands
 b - a wand of polymorph (14)
 s - a wand of iceblast (2)
 u - a wand of flame (20)
 Q - a wand of paralysis (11)
Scrolls
 h - 3 scrolls of teleportation
 i - 4 scrolls of fog
 j - 2 scrolls of magic mapping
 m - 2 scrolls of immolation
 n - 3 scrolls of enchant armour
 p - a scroll of summoning {unknown}
 t - 3 scrolls of fear
 A - 5 scrolls of remove curse
 U - a scroll of silence
 X - a scroll of enchant weapon
Potions
 d - 5 potions of curing
 g - a potion of cancellation
 w - a potion of flight {unknown}
 z - a potion of stabbing
 E - 3 potions of heal wounds
 F - a potion of brilliance
 H - 2 potions of magic
 I - 2 potions of berserk rage
 J - 5 potions of might
 L - a potion of experience {unknown}
 M - a potion of mutation {unknown}
 N - 2 potions of haste {unknown}
 R - a potion of resistance {unknown}
 Y - a potion of ambrosia {unknown}
Comestibles
 f - 14 rations
 l - 2 chunks of flesh


   Skills:
 * Level 8.2(8.1) Fighting
 * Level 12.7(13.1) Axes
 - Level 5.8(10.1) Polearms
   Level 4.3(4.2) Crossbows
 * Level 8.1 Throwing
 * Level 7.7(7.6) Armour
 + Level 6.1 Dodging
 - Level 1.0(0.9) Stealth
   Level 1.0(0.9) Shields
 + Level 6.3(6.2) Evocations


You had 12 spell levels left.
You didn't know any spells.
Your spell library was empty.

Dungeon Overview and Level Annotations

Branches:
Dungeon (13/15)            Temple (0/1) D:6            Lair (1/6) D:8
    Orc (2/2) D:12            Elf (0/3) Orc:2        Bailey (visited)
 Vaults: D:13-14

Altars:
Dithmenos
Elyvilon
Fedhas
Gozag
Kikubaaqudgha
Nemelex Xobeh
Okawaru
Qazlal
Ru
Sif Muna
Trog
Vehumet
Xom
Yredelemnul
Zin

Shops:
D:4 :   D:8 !   Orc:2 [

Annotations:
D:13 Nessos


Innate Abilities, Weirdness & Mutations

You have a pair of antennae on your head.
You are completely covered in icy blue scales. (AC +4, rC+)
A weak demonic guardian rushes to your aid.


Message History

You slice Nessos!! You burn Nessos.
The helpless centaur warrior zombie fails to defend itself.
You slash the centaur warrior zombie! You burn the centaur warrior zombie.
You closely miss the tengu warrior. The catoblepas gores you!!
* * * LOW HITPOINT WARNING * * *
Your ufetubus hits the centaur warrior zombie. x2
You hit the catoblepas but do no damage.
The catoblepas is severely wounded.
You barely miss the tengu warrior.
The helpless centaur warrior zombie fails to defend itself.
You slice the centaur warrior zombie!! You burn the centaur warrior zombie.
The helpless Nessos fails to defend themself.
You slice Nessos!! You burn Nessos. The tengu warrior barely misses you.
The tengu warrior pecks you.
* * * LOW HITPOINT WARNING * * *
The tengu warrior misses you.
Your ufetubus hits the centaur warrior zombie but does no damage.
Your ufetubus hits the centaur warrior zombie.
The catoblepas gores you!!
You die...

#. ..## #..### . #.
#..#.# .# #.
#..#.##.#.
#####.######.........
............QY......
...........#@#.##.#.
## #..#.....5Zc......
...##.......#........
##.........##.#.##..#
.......<...##.#.# .#
##.##..รท...##....
#.......... ..
#..............
............. ...


You could see a catoblepas, Nessos (paralysed), a tengu warrior, a centaur
warrior zombie (petrified) and a friendly ufetubus.

Vanquished Creatures
  4 hydras
  3 death yaks (D:8)
  4 two-headed ogres
  The ghost of DasRunzen the Conjurer, a novice DgCj (D:8)
  4 unseen horrors
  2 orc knights
  Pikel (D:7)
  The ghost of paps the Knight, a novice DsGl of Okawaru (D:7)
  The ghost of Squibie the Carver, a novice DgGl (D:7)
  A manticore (D:11)
  3 orc sorcerers
  An ugly thing (D:11)
  3 cyclopes
  5 centaur zombies
  A gargoyle (D:12)
  A spiny frog (Lair:1)
  A freezing wraith (D:13)
  A kobold demonologist (D:10)
  2 trolls
  Grinder (D:5)
  A hippogriff (D:8)
  8 slime creatures (D:12)
  14 yaks
  4 fire bats (Lair:1)
  Eustachio (D:5)
  4 hungry ghosts
  5 wargs
  A soldier ant (D:11)
  7 water moccasins
  Duvessa (D:5)
  An acid dragon (D:13)
  2 porcupines (Lair:1)
  20 orc warriors
  3 ice beasts
  A sky beast (D:8)
  A black bear (D:7)
  4 ogres
  An eye of draining (D:12)
  4 phantoms
  3 centaurs
  2 necrophages
  2 big kobolds (D:8)
  9 bullfrogs
  A gnoll sergeant (D:9)
  5 scorpions
  23 killer bees
  8 wights
  5 howler monkeys
  3 crimson imps
  2 quasits
  7 hounds
  3 jellies
  24 orc wizards
  12 orc priests
  A centaur skeleton (D:12)
  2 bullfrog skeletons
  An iguana (D:5)
  8 worker ants
  2 hound skeletons
  2 worker ant zombies
  A howler monkey zombie (D:5)
  13 adders
  19 gnolls
  A shadow imp (D:13)
  An ooze (D:1)
  3 adder skeletons
  2 worms
  3 dart slugs
  3 leopard geckos
  85 orcs
  A ball python (D:1)
  7 bats
  3 giant cockroaches
  5 goblins
  19 hobgoblins
  9 jackals
  25 kobolds
  4 quokkas
  4 frilled lizards
  A leopard gecko zombie (D:7)
  A quokka zombie (D:9)
  7 rats
  A fungus (Orc:2)
467 creatures vanquished.

Vanquished Creatures (collateral kills)
  A hydra (D:12)
  The ghost of DasRunzen the Conjurer, a novice DgCj (D:6)
  An orc sorcerer (Orc:2)
  A manticore (D:13)
  A yak (Lair:1)
  A phantom (D:6)
  2 ogres
  A centaur (D:5)
  A bullfrog (D:6)
  Dowan (D:5)
  4 killer bees
  2 wights (D:6)
  A howler monkey (D:6)
  An orc wizard (D:6)
  A worker ant zombie (D:6)
  A gnoll (Bailey)
  An adder skeleton (D:5)
  5 orcs
  3 kobolds (D:8)
  A frilled lizard (D:4)
31 creatures vanquished.

Vanquished Creatures (others)
  A killer bee (D:7)
  A fungus (Orc:2)
  5 toadstools (D:1)
7 creatures vanquished.

Grand Total: 505 creatures vanquished

Notes
Turn   | Place    | Note
-------+----------+-------------------------------------------
     0 | D:1      | Fukker the Demonspawn Wanderer began the quest for the Orb.
     0 | D:1      | Fukker set off with the following items: a +2 hand axe, a
                  | +0 hand crossbow, 20 bolts, a potion of curing, a +0 robe,
                  | a ration
     0 | D:1      | Reached XP level 1. HP: 19/19 MP: 1/1
    46 | D:1      | Reached skill level 1 in Crossbows
    81 | D:1      | Gained mutation: You are partially covered in icy blue
                  | scales. (AC +2) [demonic ancestry]
    81 | D:1      | Reached XP level 2. HP: 15/25 MP: 2/2
    89 | D:1      | Reached skill level 2 in Axes
   705 | D:2      | Gained mutation: You are mostly covered in icy blue scales.
                  | (AC +3) [demonic ancestry]
   705 | D:2      | Reached XP level 3. HP: 30/30 MP: 3/3
   948 | D:2      | Gained mutation: A weak demonic guardian rushes to your
                  | aid. [demonic ancestry]
   948 | D:2      | Reached XP level 4. HP: 37/37 MP: 4/4
  1470 | D:3      | Reached skill level 1 in Dodging
  1470 | D:3      | Reached XP level 5. HP: 26/42 MP: 5/5
  1503 | D:3      | Noticed a moth of wrath
  1540 | D:3      | Found a bloodstained altar of Trog.
  2006 | D:3      | Became a worshipper of Trog the Wrathful
  2066 | D:4      | Reached skill level 3 in Axes
  2539 | D:4      | Noticed a phantom
  2544 | D:4      | Killed a phantom
  2544 | D:4      | Reached skill level 4 in Axes
  2544 | D:4      | Reached XP level 6. HP: 48/48 MP: 6/6
  2640 | D:4      | Found Jyedi's Book Shop.
  2699 | D:4      | Found a white marble altar of Elyvilon.
  2699 | D:4      | Found a bloodstained altar of Trog.
  2739 | D:4      | Found a shimmering altar of Xom.
  2752 | D:4      | Found a sacrificial altar of Ru.
  3070 | D:5      | Entered Level 5 of the Dungeon
  3080 | D:5      | Noticed Dowan
  3081 | D:5      | Noticed Duvessa
  3087 | D:5      | Killed Dowan
  3178 | D:5      | Reached skill level 5 in Axes
  3178 | D:5      | Gained mutation: You have a pair of small antennae on your
                  | head. [demonic ancestry]
  3178 | D:5      | Reached XP level 7. HP: 34/54 MP: 4/7
  3605 | D:5      | Found an iron altar of Okawaru.
  3654 | D:5      | Found a radiant altar of Vehumet.
  3655 | D:5      | Noticed Eustachio
  3665 | D:5      | Found a shadowy altar of Dithmenos.
  3689 | D:5      | Reached skill level 1 in Polearms
  3690 | D:5      | Noticed Grinder
  3703 | D:5      | Killed Grinder
  3788 | D:5      | Killed Eustachio
  3788 | D:5      | Reached * piety under Trog
  3928 | D:5      | Killed Duvessa
  3935 | D:5      | Gained mutation: You are completely covered in icy blue
                  | scales. (AC +4, rC+) [demonic ancestry]
  3935 | D:5      | Reached XP level 8. HP: 61/61 MP: 8/8
  4605 | D:6      | Reached skill level 1 in Evocations
  4920 | D:6      | Found a stormy altar of Qazlal.
  4945 | D:6      | Found a shimmering blue altar of Sif Muna.
  5273 | D:6      | Found a staircase to the Ecumenical Temple.
  5361 | D:6      | Reached skill level 5 in Armour
  5701 | D:6      | Found a runed translucent door.
  5701 | D:6      | Noticed DasRunzen's ghost (novice DgCj)
  5723 | D:6      | Killed DasRunzen's ghost
  5723 | D:6      | Reached XP level 9. HP: 54/66 MP: 8/11
  5822 | D:6      | Found a shimmering blue altar of Sif Muna.
  5913 | D:7      | Found a flagged portal.
  5936 | D:7      | Reached skill level 5 in Dodging
  6035 | Bailey   | Entered a bailey
  6200 | Bailey   | Reached ** piety under Trog
  6239 | Bailey   | Reached skill level 1 in Throwing
  6550 | Bailey   | Noticed an orc knight
  6578 | Bailey   | Killed an orc knight
  6977 | D:7      | Found an ancient bone altar of Kikubaaqudgha.
  6982 | D:7      | Found a runed translucent gate.
  6982 | D:7      | Found a runed translucent gate.
  6994 | D:7      | Found a runed translucent gate.
  7004 | D:7      | Reached skill level 5 in Evocations
  7084 | D:7      | Found a basalt altar of Yredelemnul.
  7212 | D:7      | Noticed Pikel
  7225 | D:7      | Killed Pikel
  7343 | D:7      | Found a glowing silver altar of Zin.
  7412 | D:7      | Found an opulent altar of Gozag.
  7413 | D:7      | Found a sparkling altar of Nemelex Xobeh.
  7419 | D:7      | Reached skill level 5 in Polearms
  7511 | D:7      | Noticed Squibie's ghost (novice DgGl)
  7511 | D:7      | Noticed paps's ghost (novice DsGl)
  7601 | D:7      | Reached XP level 10. HP: 65/73 MP: 12/14
  7620 | D:7      | Reached *** piety under Trog
  7713 | D:8      | Found Byv Ann's Distillery.
  7768 | D:8      | Bought a potion of heal wounds for 65 gold pieces
  7768 | D:8      | Bought a potion of heal wounds for 65 gold pieces
  7768 | D:8      | Bought a potion of heal wounds for 65 gold pieces
  7768 | D:8      | Bought a potion of might for 52 gold pieces
  7854 | D:8      | Noticed a death yak
  7876 | D:8      | Killed a death yak
  7876 | D:8      | Reached skill level 6 in Axes
  7932 | D:8      | Found a staircase to the Lair.
  7933 | D:8      | Noticed a death yak
  7935 | D:8      | Noticed a death yak
  7948 | D:8      | Reached skill level 7 in Axes
  7995 | D:8      | Killed a death yak
  7995 | D:8      | Reached skill level 8 in Axes
  8117 | D:7      | Killed paps's ghost
  8127 | D:7      | Killed Squibie's ghost
  8127 | D:7      | Reached skill level 9 in Axes
  8216 | D:8      | Killed a death yak
  8220 | D:8      | Reached XP level 11. HP: 33/78 MP: 15/15
  8532 | D:8      | Found a large runed translucent door.
  8532 | D:8      | Found a large runed translucent door.
  8532 | D:8      | Noticed DasRunzen's ghost (novice DgCj)
  8565 | D:8      | Killed DasRunzen's ghost
  8565 | D:8      | Reached skill level 10 in Axes
  8993 | D:9      | Reached **** piety under Trog
  9090 | D:9      | Noticed a two-headed ogre
  9121 | D:9      | Killed a two-headed ogre
 10102 | Lair:1   | Entered Level 1 of the Lair of Beasts
 10163 | Lair:1   | Noticed an eight-headed hydra
 10173 | Lair:1   | Killed an eight-headed hydra
 10173 | Lair:1   | Reached skill level 5 in Fighting
 11237 | Lair:1   | Reached ***** piety under Trog
 11237 | Lair:1   | Received a gift from Trog
 11238 | Lair:1   | Reached skill level 5 in Throwing
 11313 | Lair:1   | Noticed an eight-headed hydra
 11325 | Lair:1   | Killed a four-headed hydra
 11495 | Lair:1   | Noticed a six-headed hydra
 11502 | Lair:1   | Killed a two-headed hydra
 11849 | D:10     | Entered Level 10 of the Dungeon
 11867 | D:10     | Gained mutation: You have a pair of antennae on your head.
                  | [demonic ancestry]
 11867 | D:10     | Reached XP level 12. HP: 84/87 MP: 16/16
 12495 | D:10     | Noticed a two-headed ogre
 12505 | D:10     | Killed a two-headed ogre
 12785 | D:10     | Reached skill level 11 in Axes
 12818 | D:10     | Received a gift from Trog
 13521 | D:11     | Noticed a five-headed hydra
 13533 | D:11     | Killed a three-headed hydra
 13773 | D:11     | Found a blossoming altar of Fedhas.
 13809 | D:11     | Noticed a two-headed ogre
 13816 | D:11     | Killed a two-headed ogre
 14615 | D:12     | Noticed a two-headed ogre
 14626 | D:12     | Killed a two-headed ogre
 14664 | D:12     | Received a gift from Trog
 14737 | D:12     | Found a staircase to the Orcish Mines.
 14802 | D:12     | Noticed an eight-headed hydra
 14810 | D:12     | Killed a six-headed hydra
 15114 | D:12     | Reached skill level 12 in Axes
 15269 | D:12     | Reached XP level 13. HP: 84/96 MP: 17/17
 15875 | Orc:1    | Entered Level 1 of the Orcish Mines
 16172 | Orc:1    | Received a gift from Trog
 16177 | Orc:1    | Upgraded the game from 0.25-a0-729-g14964f1db5 to
                  | 0.25-a0-731-g0472a16d6a
 16670 | Orc:2    | Entered Level 2 of the Orcish Mines
 16670 | Orc:2    | Noticed an orc warlord
 16993 | Orc:2    | Found Rostru's Antique Armour Boutique.
 18107 | Orc:2    | Found a staircase to the Elven Halls.
 19139 | D:13     | Noticed Nessos
 19160 | D:13     | HP: 4/147 [catoblepas (22)]
 19161 | D:13     | Demolished by a catoblepas

Levels and vault maps discovered:
D:1:      ldierk_walled_garden, layout_rooms, nrook_mini_vaults
D:2:      layout_rooms, minmay_misc_feat_four_crosses, minmay_nonomino_d4
D:3:      layout_rooms, lemuel_round_altar, first_ration, minmay_misc_feat_x,
          tgw_trog
D:4:      layout_gridville, nicolae_ru_path_of_blood, kennysheep_mini,
          gammafunk_temple_overflow_elements, serial_shops,
          nicolae_shop_statue_plus, minmay_statues_item
D:5:      layout_cave_pools, grunt_dithmenos_smoke, vehumet_altar_wand_db,
          overflow_temple_1_default, uniq_eustachio, uniq_duvessa, uniq_grinder
D:6:      layout_rooms, lemuel_crystal_altar, nicolae_qazlal_eye_of_the_storm,
          minmay_temple_entry_stoned_glass, basic_altar,
          ebering_ghost_reflecting_pool
D:7:      layout_loops_cross, grunt_temple_overflow_opulence,
          overflow_temple_1_default, old_standard_altar, marbit_many_paths,
          enter_bailey_7, gammafunk_ghost_cemetery, uniq_pikel
D:8:      layout_rooms, dpeg_lair_monsters, serial_shops, shop,
          ebering_ghost_disaster_area
D:9:      layout_rooms, grunt_pizzeria, roderic_roman_lattice, minivault_23,
          wad_dig_loot
D:10:     layout_roguey [special_room_orc]
D:11:     layout_irregular_city, fedhas_altar_2
D:12:     layout_long_grid, erik_orc_4
D:13:     layout_basic, erik_vaults_2, serial_undead, serial_undead_b,
          serial_undead_b, serial_undead_c, serial_undead_d, minmay_nine_imps,
          uniq_urug, uniq_nessos
Lair:1:   layout_gridlike
Orc:1:    layout_caves, serial_shops
Orc:2:    grunt_orc_gardens, layout_caves, grunt_orc_garden, grunt_orc_garden,
          grunt_orc_garden, grunt_orc_garden, nicolae_orc_lava_room

Skill      XL: |  1  2  3  4  5  6  7  8  9 10 11 12 13 |
---------------+----------------------------------------+-----
Crossbows      | 1 2 3 4 |  4.3
Axes           | 2 4 5 9 10 12 | 12.7
Dodging        | 1 2 4 5 6 |  6.1
Polearms       | 2 5 |  5.8
Armour         | 2 5 6 7 |  7.7
Evocations     | 3 5 6 |  6.3
Throwing       | 3 5 7 8 |  8.1
Fighting       | 6 7 8 |  8.2
Stealth        | |  1.0
Shields        | |  1.0

Action                   |  1- 3 |  4- 6 |  7- 9 | 10-12 | 13-15 || total
-------------------------+-------+-------+-------+-------+-------++-------
Melee: Hand axe          |    65 |   142 |     6 |       |       ||   213
       Trident           |       |       |   542 |    80 |       ||   622
       Halberd           |       |       |    62 |   470 |       ||   532
       War axe           |       |       |       |    13 |       ||    13
       Broad axe         |       |       |       |   176 |   172 ||   348
       Battleaxe         |       |       |       |       |     4 ||     4
 Fire: Hand crossbow     |    34 |    70 |     6 |    22 |       ||   132
Throw: Stone             |       |       |     2 |       |       ||     2
       Boomerang         |       |       |     4 |   159 |    50 ||   213
       Javelin           |       |       |       |     3 |     7 ||    10
Invok: Berserk           |       |       |     7 |    13 |     6 ||    26
       Brothers in Arms  |       |       |       |       |     1 ||     1
Evoke: Wand              |       |       |    31 |    19 |     2 ||    52
  Use: Scroll            |       |     4 |     9 |     4 |     2 ||    19
       Potion            |       |       |     7 |       |     2 ||     9
 Stab: Distracted        |       |       |     1 |     2 |     2 ||     5
       Paralysed         |       |       |       |     2 |     9 ||    11
       Petrified         |       |       |       |       |     5 ||     5
  Eat: Chunk             |       |     4 |     7 |    29 |    12 ||    52
       Ration            |       |     1 |     4 |     4 |     2 ||    11
Armor: Robe              |    15 |       |       |       |       ||    15
       Ring mail         |    11 |    70 |   173 |   122 |    12 ||   388
       Skin              |       |       |    11 |       |       ||    11
       Leather armour    |       |       |   101 |    86 |       ||   187
       Scale mail        |       |       |       |    58 |    52 ||   110
Dodge: Dodged            |    48 |    87 |   416 |   361 |   114 ||  1026

Table legend:
 A = Non-vault XP
 B = Vault XP
 C = Vault XP percentage of total XP
 D = Non-vault monster count
 E = Vault monster count
 F = Vault count percentage of total count
                 A         B        C        D         E       F
            +---------+---------+-------+---------+---------+-------
      Total |   35873 |   12528 |  25.9 |     378 |     120 |  24.1
            +---------+---------+-------+---------+---------+-------
        D:1 |      37 |       0 |   0.0 |      19 |       0 |   0.0
        D:2 |      64 |      24 |  27.3 |      19 |       7 |  26.9
        D:3 |      90 |       9 |   9.1 |      21 |       5 |  19.2
        D:4 |     382 |       0 |   0.0 |      17 |       0 |   0.0
        D:5 |     444 |     501 |  53.0 |      19 |       5 |  20.8
        D:6 |    1132 |     520 |  31.5 |      25 |       1 |   3.8
        D:7 |    1056 |    1803 |  63.1 |      20 |       7 |  25.9
        D:8 |    1224 |    4086 |  76.9 |      25 |       8 |  24.2
        D:9 |    2211 |     235 |   9.6 |      30 |       3 |   9.1
       D:10 |    4301 |     763 |  15.1 |      45 |      23 |  33.8
       D:11 |    5309 |       0 |   0.0 |      31 |       0 |   0.0
       D:12 |    8343 |     609 |   6.8 |      29 |      17 |  37.0
       D:13 |    1676 |     476 |  22.1 |       6 |       1 |  14.3
     Lair:1 |    7128 |       0 |   0.0 |      27 |       0 |   0.0
      Orc:1 |    2433 |    1680 |  40.8 |      43 |       6 |  12.2
      Orc:2 |      43 |     981 |  95.8 |       2 |       3 |  60.0
     Bailey |       0 |     841 | 100.0 |       0 |      34 | 100.0
            +---------+---------+-------+---------+---------+-------
